 Dungeon Crawl Stone Soup version 0.25.0-9-g26727b657a (webtiles) character file.

Game seed: 17855657692070526555

261 Angani the Chucker (level 5, -5/38 HPs)
             Began as a Demonspawn Hunter on June 16, 2020.
             Slain by an ogre
             ... wielding a +0 giant spiked club
              (26 damage)
             ... on level 4 of the Dungeon.
             The game lasted 00:03:17 (2779 turns).

Angani the Chucker (Demonspawn Hunter)              Turns: 2779, Time: 00:03:18

Health: -5/38      AC:  8    Str: 13    XL:     5   Next: 96%
Magic:  5/5        EV: 12    Int: 12    God:
Gold:   243        SH:  0    Dex: 14    Spells: 4/4 levels left

rFire    . . .     SeeInvis .   k - +0 whip (venom)
rCold    . . .     Gourm    .   (no shield)
rNeg     . . .     Faith    .   b - +0 leather armour
rPois    .         Spirit   .   (no helmet)
rElec    .         Reflect  .   s - +0 cloak
rCorr    .         Harm     .   (no gloves)
MR       .....                  a - +0 pair of boots
Stlth    +.........             m - amulet of regeneration
HPRegen  0.52/turn              (no ring)
MPRegen  0.09/turn              (no ring)

@: no status effects
A: hooves 1, thin metallic scales 2, powered by pain 1
a: no special abilities


You were on level 4 of the Dungeon.
You were not hungry.

You visited 1 branch of the dungeon, and saw 4 of its levels.

You collected 243 gold pieces.

Inventory:

Hand Weapons
 k - a +0 whip of venom (weapon)
Missiles
 c - 6 javelins (quivered)
 d - 2 throwing nets
 o - 13 poisoned darts
Armour
 a - a +0 pair of boots (worn)
 b - a +0 leather armour (worn)
 s - a +0 cloak (worn)
Jewellery
 m - an amulet of regeneration (around neck)
Wands
 n - a wand of clouds (5)
 p - a wand of random effects (20)
 z - a wand of enslavement (8)
Scrolls
 e - 4 scrolls of teleportation {unknown}
 g - a scroll of random uselessness {unknown}
 i - a scroll of amnesia {unknown}
 l - 3 scrolls of identify {unknown}
 q - 3 scrolls of remove curse {unknown}
 t - a scroll of fog {unknown}
 y - a scroll of magic mapping {unknown}
Potions
 h - 3 potions of might {unknown}
 j - 2 potions of curing {unknown}
 r - a potion of heal wounds {unknown}
 u - a potion of cancellation {unknown}
 v - a potion of lignification {unknown}
 x - a potion of stabbing {unknown}
 A - a potion of invisibility {unknown}
Comestibles
 f - 2 rations
 w - 4 chunks of flesh


   Skills:
 - Level 2.0 Fighting
 + Level 6.6 Throwing
 - Level 1.7 Dodging
 - Level 0.8 Stealth


You had 4 spell levels left.
You didn't know any spells.
Your spell library contained the following spells:

 Spells                   Type           Power        Failure   Level  Hunger
 Animate Skeleton         Necr           N/A          38%         1    ##.....
 Apportation              Tloc           #.....       38%         1    ##.....
 Corona                   Hex            #......      38%         1    ##.....
 Summon Small Mammal      Summ           #...         38%         1    ##.....


Dungeon Overview and Level Annotations

Branches:
Dungeon (4/15)
 Temple: D:4-7

Altars:
Fedhas


Innate Abilities, Weirdness & Mutations

You have large cloven feet.
You are mostly covered in thin metallic scales. (AC +3)
You sometimes gain a little power by taking damage.


Message History

Things that are here:
a +0 flail; a +0 leather armour; an orc skeleton
Things that are here:
a +0 flail; a +0 leather armour; an orc skeleton
Found a stone staircase leading up.
Things that are here:
a +0 flail; a +0 leather armour; an orc skeleton
Things that are here:
a +0 hand axe; an orc skeleton You open the door.
An ogre comes into view. It is wielding a +0 giant spiked club.
The ogre shouts!
You hit the ogre.
The ogre is moderately wounded.
The ogre hits you with a +0 giant spiked club!
You hit the ogre.
The ogre is poisoned.
The ogre is moderately wounded.
The ogre hits you with a +0 giant spiked club!!
Ouch! That really hurt!
You die...

## .. #.#+#+####
#........# #.......)#
#.....(..#
#....[...######
#######.(.....@O....#
#....##........####.#
#....##........#
#....##........#
#....'.........#
#....####.######
##'### #.# #.# #.#
####.# #.#


You could see an ogre (very poisoned).

Vanquished Creatures
  An ogre (D:4)
  A hound (D:3)
  An orc priest (D:3)
  A hound zombie (D:3)
  Robin (D:4)
  An adder (D:3)
  2 worms
  2 dart slugs
  5 leopard geckos
  5 orcs
  7 bats
  4 giant cockroaches (D:1)
  12 goblins
  5 hobgoblins
  3 jackals (D:1)
  8 kobolds (D:1)
  A quokka (D:2)
  A frilled lizard (D:2)
  A leopard gecko zombie (D:2)
  6 rats
68 creatures vanquished.

Notes
Turn   | Place    | Note
-------+----------+-------------------------------------------
     0 | D:1      | Angani the Demonspawn Hunter began the quest for the Orb.
     0 | D:1      | Reached XP level 1. HP: 16/16 MP: 1/1
   118 | D:1      | Reached skill level 4 in Throwing
   242 | D:1      | Gained mutation: You sometimes gain a little power by
                  | taking damage. [demonic ancestry]
   242 | D:1      | Reached XP level 2. HP: 22/22 MP: 2/2
   822 | D:1      | Gained mutation: You are partially covered in thin metallic
                  | scales. (AC +2) [demonic ancestry]
   822 | D:1      | Reached XP level 3. HP: 27/27 MP: 3/3
  1861 | D:3      | Reached skill level 5 in Throwing
  1889 | D:3      | Gained mutation: You are mostly covered in thin metallic
                  | scales. (AC +3) [demonic ancestry]
  1889 | D:3      | Reached XP level 4. HP: 28/33 MP: 4/4
  1951 | D:3      | Gained mutation: You have large cloven feet. [demonic
                  | ancestry]
  1951 | D:3      | Reached XP level 5. HP: 38/38 MP: 5/5
  2447 | D:4      | Noticed Robin
  2459 | D:4      | Killed Robin
  2464 | D:4      | Reached skill level 6 in Throwing
  2484 | D:4      | Noticed an ogre
  2485 | D:4      | Found a blossoming altar of Fedhas.
  2499 | D:4      | Killed an ogre
  2777 | D:4      | Noticed an ogre
  2779 | D:4      | Slain by an ogre

Illustrated notes

Levels and vault maps discovered:
D:1:      eino_arrival_water_cross, layout_rooms
D:2:      layout_loops_ring, kennysheep_decorative_pillar,
          minmay_misc_feat_pillars
D:3:      layout_loops_cross
D:4:      layout_basic, fedhas_altar_2, uniq_natasha, uniq_robin,
          uniq_blork_the_orc

Skill      XL: |  1  2  3  4  5 |
---------------+----------------+-----
Throwing       | 4 5 6 |  6.6
Fighting       | |  2.0
Dodging        | |  1.7
Stealth        | |  0.8

Action                   |  1- 3 |  4- 6 || total
-------------------------+-------+-------++-------
Melee: Short sword       |    69 |       ||    69
       Whip              |    81 |    93 ||   174
Throw: Javelin           |     2 |     4 ||     6
 Stab: Sleeping          |     1 |       ||     1
  Eat: Chunk             |     3 |     3 ||     6
Armor: Leather armour    |    56 |    19 ||    75
Dodge: Dodged            |    99 |    55 ||   154
